 Dungeon Crawl Stone Soup version 0.31.0-1-g2c135a0 (webtiles) character file.

Game seed: 13202625818589650855

483 edsrzf the Conjurer (level 7, -3/69 HPs)
             Began as a Merfolk Conjurer on Feb 1, 2024.
             Slain by a kobold brigand
             ... wielding a +0 club
              (5 damage)
             ... on level 3 of the Dungeon.
             The game lasted 00:07:36 (3424 turns).

edsrzf the Conjurer (Merfolk Conjurer)              Turns: 3424, Time: 00:07:37

Health: -3/69      AC:  2    Str: 10    XL:     7   Next: 12%
Magic:  3/13       EV: 12    Int: 17    God:
Gold:   156        SH:  0    Dex: 12    Spells: 11/14 levels left

rFire   + . .        g - +0 dagger (drain)
rCold   . . .        (no shield)
rNeg    . . .        a - +0 robe
rPois   .            (no helmet)
rElec   .            (no cloak)
rCorr   .            (no gloves)
SInv    .            (no boots)
Will    +....        (no amulet) Stlth
                     k - ring of protection from fire
HPRegen 0.31/turn    (no ring)
MPRegen 0.13/turn

%: no passive effects
@: berserking, enlightened, flying, very quick
A: (nimble swimmer 2), mertail
a: no special abilities


You were on level 3 of the Dungeon.
You visited 1 branch of the dungeon, and saw 3 of its levels.

You collected 156 gold pieces.

Inventory:

Hand Weapons
 f - a +0 scythe
 g - a +0 dagger of draining (weapon)
Missiles
 l - 2 poisoned darts
Armour
 a - a +0 robe (worn)
Jewellery
 k - a ring of protection from fire (left hand)
Talismans
 i - a maw talisman
Wands
 b - a wand of polymorph (11)
Scrolls
 d - 2 scrolls of immolation {unknown}
 h - 2 scrolls of identify {unknown}
 o - a scroll of fog {unknown}
 p - a scroll of poison {unknown}
 r - a scroll of enchant armour {unknown}
Potions
 e - a potion of haste {unknown}
 j - a potion of enlightenment
 m - a potion of degeneration {unknown}
 n - a potion of heal wounds {unknown}
 q - a potion of brilliance {unknown}
 s - a potion of cancellation {unknown}


   Skills:
 + Level 4.1 Polearms
 - Level 2.6 Dodging
 - Level 2.1 Stealth
 - Level 4.0 Spellcasting
 - Level 5.4 Conjurations


You had 11 spell levels left.
You knew the following spells:

 Your Spells              Type           Power      Damage    Failure   Level
r - Searing Ray           Conj           42%        2d6       2%          2
X - Magic Dart            Conj           84%        1d7       1%          1

Your spell library contained the following spells:

 Spells                   Type           Power      Damage    Failure   Level
 Necrotise                Necr           12%        1d4       16%         1
 Inner Flame              Hex/Fire       3%         N/A       43%         3
 Vampiric Draining        Necr           3%         2d6       43%         3
 Flame Wave               Conj/Fire      12%        2d6       45%         4
 Fulminant Prism          Conj/Alch      6%         3d7       45%         4
 Iskenderun's Mystic Bla  Conj/Tloc      12%        2d5       45%         4
 Martyr's Knell           Necr/Summ      3%         N/A       83%         4
 Sticky Flame             Fire/Alch      3%         2d4       83%         4
 Alistair's Intoxication  Alch           2%         N/A       99%         5
 Borgnjor's Vile Clutch   Necr/Erth      1%         N/A       99%         5
 Curse of Agony           Necr           3%         N/A       99%         5
 Eringya's Noxious Bog    Alch           1%         4d6       100%        6


Dungeon Overview and Level Annotations

Branches:
Dungeon (3/15)

Altars:

Shops:
D:3 =


Innate Abilities, Weirdness & Mutations

((You are very nimble when in or above water. (Stealth+, EV+, Speed+++)))
Your lower body shifts to a powerful aquatic tail in water.


Message History

You hit the kobold. You drain the kobold.
You kill the kobold!
Casting: Magic Dart (safe; 1% risk of failure)
Confirm with . or Enter, or press ? or * to list all spells.
The magic dart hits the kobold brigand.
The kobold brigand is lightly wounded.
Casting: Magic Dart (safe; 1% risk of failure)
Confirm with . or Enter, or press ? or * to list all spells.
The magic dart hits the kobold.
The kobold is severely wounded.
The kobold hits you with a +0 club.
Casting: Magic Dart (safe; 1% risk of failure)
Confirm with . or Enter, or press ? or * to list all spells.
The magic dart hits the kobold but does no damage.
The kobold is severely wounded.
The kobold hits you with a +0 club.
Casting: Magic Dart (safe; 1% risk of failure)
Confirm with . or Enter, or press ? or * to list all spells.
Aiming: Searing Ray (safe; 2% risk of failure)
Press: ? - help, Shift-Dir - straight line, f/p - kobold
Aim: a kobold, wielding a +0 club (severely wounded, 72% to hit)
The searing ray misses the kobold.
The searing ray hits the kobold!
You kill the kobold!
The searing ray misses the kobold. x2 (Press . to maintain the ray.)
The kobold barely misses you.
The kobold brigand hits you with a +0 club.
The kobold hits you with a +0 club.
The searing ray hits the kobold.
You kill the kobold!
The searing ray misses the kobold.
The searing ray hits the kobold.
You kill the kobold!
The kobold brigand hits you with a +0 club!
The kobold hits you but does no damage.
The searing ray hits the kobold.
You kill the kobold!
The kobold brigand hits you with a +0 club.
The kobold barely misses you.
The kobold brigand throws a poisoned dart.
The poisoned dart hits you!
You are poisoned.
The kobold hits you with a +0 club.
Things that are here:
a +0 club; a +0 club You feel sick.
The kobold attacks as it pursues you! The kobold hits you with a +0 club.
You see here a +0 club.
You feel sick.
There is an open door here.
You see here a +0 club.
You feel sick.
Casting: Searing Ray (safe; 2% risk of failure)
Confirm with . or Enter, or press ? or * to list all spells.
Aiming: Searing Ray (safe; 2% risk of failure)
Press: ? - help, Shift-Dir - straight line, f - kobold brigand, p - kobold
Aim: a kobold brigand, wielding a +0 club and quivering poisoned darts (lightly wounded, 72% to hit)
The searing ray misses the kobold brigand. (Press . to maintain the ray.)
You feel sick.
The searing ray hits the kobold.
You kill the kobold!
You feel sick.
The searing ray hits the kobold brigand.
The kobold brigand is moderately wounded.
You feel sick. The kobold brigand barely misses you.
The searing ray misses the kobold brigand.
You finish channelling your searing ray.
You feel sick.
The kobold brigand hits you with a +0 club.
* * * LOW HITPOINT WARNING * * *
It was a potion of enlightenment.
You feel very buoyant.
You fly up into the air.
You feel sick.
You are no longer poisoned.
The kobold brigand hits you with a +0 club.
* * * LOW HITPOINT WARNING * * *
Okay, then.
Aiming: Polymorph
Press: ? - help, Shift-Dir - straight line, f/p - kobold brigand
Aim: a kobold brigand, wielding a +0 club and quivering poisoned darts (moderately wounded, will become a ribbon worm, a brain worm, or a water moccasin, chance to affect: 49%)
Okay, then.
Unknown command.
Press: ? - help, v - describe, . - travel, g - get item
Here: a kobold brigand, wielding a +0 club and quivering poisoned darts (moderately wounded) Item here: a +0 club.
An open door.
Unknown command.
Okay, then.
It was a potion of berserk rage.
A red film seems to cover your vision as you go berserk!
You feel yourself moving faster!
You feel mighty!
The kobold brigand hits you with a +0 club.
* * * LOW HITPOINT WARNING * * *
You closely miss the kobold brigand.
The kobold brigand is moderately wounded.
The kobold brigand closely misses you.
You hit the kobold brigand.
The kobold brigand is moderately wounded.
The kobold brigand hits you with a +0 club.
You die...

###############...#≈≈≈≈≈≈≈≈
..............#)..#≈≈≈≈≈≈≈≈
..............#... ≈≈≈≈≈≈≈
..............##)# ≈≈≈≈≈
...########......# ...#
#.....)# ...########.....)#
..............##K##
......)..))...#.@.#
..............#...#
###############...# #####


You could see a kobold brigand.

Vanquished Creatures
  Grinder (D:3)
  Sigmund (D:2)
  A bombardier beetle (D:3)
  An adder (D:3)
  2 dart slugs (D:2)
  3 ball pythons
  3 endoplasms
  A giant cockroach (D:1)
  3 goblins (D:3)
  2 hobgoblins (D:1)
  2 jackals (D:3)
  23 kobolds
  3 quokkas
  6 bats
  3 frilled lizards
  5 rats
60 creatures vanquished.

Notes
Turn   | Place    | Note
-------+----------+-------------------------------------------
     0 | D:1      | edsrzf the Merfolk Conjurer began the quest for the Orb.
     0 | D:1      | Reached XP level 1. HP: 13/13 MP: 3/3
   465 | D:1      | Reached XP level 2. HP: 19/19 MP: 1/5
  1234 | D:2      | Noticed Sigmund
  1351 | D:2      | Reached XP level 3. HP: 24/24 MP: 2/6
  1413 | D:2      | Learned a level 2 spell: Searing Ray
  1717 | D:2      | Killed Sigmund
  1718 | D:2      | Reached skill level 4 in Spellcasting
  1718 | D:2      | Reached skill level 4 in Conjurations
  1718 | D:2      | Reached XP level 4. HP: 30/30 MP: 5/10
  1718 | D:2      | Reached XP level 5. HP: 35/35 MP: 5/11
  2386 | D:3      | Reached skill level 1 in Polearms
  2386 | D:3      | Reached XP level 6. HP: 36/41 MP: 0/12
  2567 | D:3      | Noticed Grinder
  2869 | D:3      | Found Epuffup's Jewellery Emporium.
  2924 | D:3      | Paralysed by Grinder for 4 turns
  2944 | D:3      | Killed Grinder
  2945 | D:3      | Reached skill level 4 in Polearms
  2945 | D:3      | Reached skill level 5 in Conjurations
  2945 | D:3      | Reached XP level 7. HP: 46/46 MP: 0/13
  3363 | D:3      | Identified the +7 scimitar of Expedience {pain, Will+
                  | Dex+3}
  3421 | D:3      | Identified 2 potions of enlightenment
  3422 | D:3      | Identified a potion of berserk rage
  3422 | D:3      | HP: 1/69 [kobold brigand/+0 club (5)]
  3424 | D:3      | Slain by a kobold brigand

Illustrated notes

Levels and vault maps discovered:
D:1:      mrwooster_arrival_statue_3, layout_loops_ring, kennysheep_nondescript
D:2:      layout_basic, minmay_misc_feat_cross, minmay_statues_item,
          nicolae_eternal_life, uniq_sigmund
D:3:      minmay_goblin_kobold_castle, layout_basic, serial_shops,
          nicolae_shop_window_shopping, uniq_grinder

Skill      XL: |  1  2  3  4  5  6 |
---------------+-------------------+-----
Spellcasting   | 4 |  4.0
Conjurations   | 4 5 |  5.4
Polearms       | 1 4 |  4.1
Dodging        | |  2.6
Stealth        | |  2.1

Action                     |  1- 3 |  4- 6 |  7- 9 || total
---------------------------+-------+-------+-------++-------
  Melee: Dagger            |       |     4 |     3 ||     7
  Throw: Dart              |     2 |       |       ||     2
   Cast: Magic Dart        |    59 |    58 |    13 ||   130
         Searing Ray       |     2 |     2 |     2 ||     6
    Use: Potion            |     1 |       |     2 ||     3
 Armour: Robe              |     7 |     5 |    13 ||    25
         Skin              |     4 |       |       ||     4
  Dodge: Dodged            |     4 |     2 |     5 ||    11
